 Dungeon Crawl Stone Soup version 0.27.1-34-g3ba077fa99 (webtiles) character file.

Game seed: 12495952262630020345

21430 zeram the Spear-Bearer (level 12, 0/107 HPs)
             Began as a Hill Orc Fighter on Jan 22, 2022.
             Was an Initiate of Gozag.
             Slain by an orc knight (21 damage)
             ... on level 2 of the Orcish Mines.
             The game lasted 00:24:33 (13437 turns).

zeram the Spear-Bearer (Hill Orc Fighter)          Turns: 13437, Time: 00:24:34

Health: 0/107      AC: 20    Str: 24    XL:     12   Next: 89%
Magic:  12/12      EV:  7    Int:  8    God:    Gozag
Gold:   3476       SH: 17    Dex: 10    Spells: 11/11 levels left

rFire    + . .     SeeInvis .   d - +7 spear (freeze)
rCold    + . .     Faith    .   c - +0 kite shield
rNeg     . . .     Spirit   .   o - +1 plate armour
rPois    +         Reflect  +   m - +1 helmet
rElec    +         Harm     .   (no cloak)
rCorr    +         Rampage  .   J - +0 pair of gloves
Will     .....                  (no boots)
Stlth    ..........             G - amulet of reflection
HPRegen  0.27/turn              j - ring of poison resistance
MPRegen  0.13/turn              (no ring)

@: mighty, resistant, gold aura
A: no striking features
a: Renounce Religion, Potion Petition, Call Merchant, Bribe Branch


You were on level 2 of the Orcish Mines.
You worshipped Gozag.
Gozag was most pleased with you.
You visited 3 branches of the dungeon, and saw 13 of its levels.
You also visited: Sewer and Ossuary.

You collected 3608 gold pieces.
You paid 132 gold pieces to Gozag.

Inventory:

Hand Weapons
 a - a +0 war axe
 d - a +7 spear of freezing (weapon)
Missiles
 n - 42 poisoned darts (quivered)
 I - 2 throwing nets
Armour
 b - a +0 scale mail
 c - a +0 kite shield (worn)
 m - a +1 helmet (worn)
 o - a +1 plate armour (worn)
 J - a +0 pair of gloves (worn)
Jewellery
 f - an amulet of guardian spirit
 i - a ring of ice
 j - a ring of poison resistance (left hand)
 q - an amulet of regeneration
 A - an amulet of the acrobat
 F - a ring of ice
 G - an amulet of reflection (around neck)
Wands
 g - a wand of iceblast (8)
 w - a wand of digging (5)
 B - a wand of polymorph (10)
 D - a wand of paralysis (8)
Scrolls
 p - a scroll of holy word
 t - 4 scrolls of amnesia
 z - 4 scrolls of fog
Potions
 e - 2 potions of attraction
 k - 2 potions of brilliance {unknown}
 l - 5 potions of lignification
 r - 2 potions of flight
 u - a potion of might
 v - a potion of degeneration {unknown}
 C - a potion of berserk rage {unknown}
 E - 2 potions of resistance


   Skills:
 + Level 10.4 Fighting
 - Level 5.6(11.1) Axes
 + Level 12.5(12.8) Polearms
 + Level 12.0 Armour
 + Level 1.8 Dodging
 + Level 11.7 Shields


You had 11 spell levels left.
You didn't know any spells.
Your spell library contained the following spells:

 Spells                   Type           Power      Damage    Failure   Level
 Animate Skeleton         Necr           0%         N/A       100%        1
 Freeze                   Ice            0%         1d3       100%        1
 Magic Dart               Conj           0%         1d3       100%        1
 Pain                     Necr           0%         1d4       100%        1
 Sandblast                Erth           0%         2d4       100%        1
 Blink                    Tloc           N/A        N/A       100%        2
 Call Imp                 Summ           0%         N/A       100%        2
 Call Canine Familiar     Summ           0%         N/A       100%        3
 Frozen Ramparts          Ice            0%         1d2       100%        3
 Mephitic Cloud           Conj/Pois/Air  0%         N/A       100%        3
 Ozocubu's Armour         Ice            0%         N/A       100%        3
 Portal Projectile        Hex/Tloc       0%         N/A       100%        3
 Summon Guardian Golem    Hex/Summ       0%         N/A       100%        3
 Vampiric Draining        Necr           0%         2d6       100%        3
 Hailstorm                Conj/Ice       0%         3d3       100%        4
 Ice Form                 Ice/Tmut       0%         N/A       100%        4
 Leda's Liquefaction      Hex/Erth       0%         N/A       100%        4
 Olgreb's Toxic Radiance  Pois           0%         N/A       100%        4
 Summon Ice Beast         Ice/Summ       0%         N/A       100%        4
 Bolt of Magma            Conj/Fire/Erth 0%         4d4       100%        5
 Manifold Assault         Tloc           0%         N/A       100%        5
 Metabolic Englaciation   Hex/Ice        0%         N/A       100%        5
 Yara's Violent Unravell  Hex/Tmut       0%         3d3       100%        5
 Simulacrum               Ice/Necr       0%         N/A       100%        6
 Ozocubu's Refrigeration  Ice            0%         4d5       100%        7
 Storm Form               Tmut/Air       0%         N/A       100%        7
 Ignition                 Fire           0%         3d3       100%        8


Dungeon Overview and Level Annotations

Branches:
Dungeon (10/15)            Temple (1/1) D:7            Lair (0/6) D:9
    Orc (2/2) D:10            Elf (0/3) Orc:2         Sewer (visited)
Ossuary (visited)

Altars:
Ashenzari
Cheibriados
Dithmenos
Elyvilon
Fedhas
Gozag
Hepliaklqana
Kikubaaqudgha
Makhleb
Nemelex Xobeh
Okawaru
Qazlal
Ru
Sif Muna
Trog
Uskayaw
Vehumet
Wu Jian
Xom
Yredelemnul
Zin
The Shining One
Beogh

Shops:
D:5 [

Annotations:
D:10 1 runed translucent door


Message History

The orc knight is heavily wounded.
You puncture the orc knight! You freeze the orc knight.
The orc knight is severely wounded.
You block the orc knight's attack. You block the orc's attack.
You barely miss the orc knight.
The orc knight is severely wounded.
The orc warrior no longer looks unusually strong.
You hit the orc knight but do no damage.
The orc knight is severely wounded.
The orc knight hits you with a +0 battleaxe!!
You block the orc's attack.
You closely miss the orc knight.
The orc knight is severely wounded.
You block the orc knight's attack. The orc hits you with a +0 falchion.
You hit the orc knight but do no damage.
The orc knight is severely wounded.
You hit the orc knight. You freeze the orc knight.
The orc knight is almost dead.
You block the orc knight's attack. You block the orc's attack.
The orc knight roars a battlecry!
The orcs go into a battle-frenzy!
You puncture the orc knight! You freeze the orc knight.
You kill the orc knight!
The orc no longer looks unusually strong.
The orc hits you but does no damage. You block the orc knight's attack.
Things that are here:
7 gold pieces; a +0 battleaxe; a +0 chain mail Unknown command.
You barely miss the orc. You block the orc's attack.
The orc knight hits you with a +0 long sword!!
* * * LOW HITPOINT WARNING * * *
Unknown command.
Okay, then.
Okay, then.
It was a potion of resistance.
You feel protected. You block the orc's attack.
The orc knight hits you with a +0 long sword!!
You die...
Your body crumbles into a pile of gold.

..###.............(((..#
...#...$.........(((((.#
.........##..)...(((((.#
........###..))..(((((.#
......$#####......(((..#
$..$....#.####).......##
.....$..$.#..)...######
..........$).)oo##
...##......)))#o@#
....####$.....####
...######$o$.####
.####..#.$......#
.#####........###
###.#..$$$.......#
#.....$.........#.
##......##..#....#
#...o.#######.....


You could see an orc knight (strong) and 2 orcs.

Vanquished Creatures
  An orc warlord (Orc:1)
  A centaur warrior (D:10)
  Erica (D:9)
  4 two-headed ogres
  6 orc knights
  3 deep elf pyromancers (Orc:2)
  5 deep elf zephyrmancers (Orc:2)
  An orc sorcerer (Orc:1)
  Maurice (Orc:1)
  2 trolls
  A slime creature (D:10)
  Sigmund (D:3)
  8 yaks (D:10)
  2 steam dragons
  2 wargs (Orc:1)
  A vampire mosquito (D:10)
  26 orc warriors
  2 water moccasins
  2 ice beasts
  A necrophage (D:7)
  7 ogres
  5 centaurs
  A phantom (D:4)
  3 bullfrogs
  An elf zombie (Ossuary)
  2 scorpions
  A wyvern skeleton (D:4)
  3 wights (D:6)
  4 howler monkeys
  4 centaur zombies
  A bullfrog skeleton (D:5)
  2 hounds
  27 orc priests
  A gnoll shaman (D:7)
  2 iguanas
  A human skeleton (D:10)
  18 orc wizards
  2 howler monkey zombies
  2 mummies (Ossuary)
  12 gnolls
  10 adders
  A howler monkey skeleton (D:6)
  A shadow imp (D:5)
  A white imp (D:5)
  3 ufetubi
  2 adder zombies (Ossuary)
  2 adder skeletons (D:4)
  A worm (D:4)
  The ghost of cbfl8 the Sneak, a weakling MiDe (D:5)
  3 dart slugs
  56 orcs
  5 bats
  14 endoplasms
  10 giant cockroaches
  A gnoll zombie (D:5)
  8 goblins
  4 hobgoblins
  14 quokkas
  9 ball pythons
  15 frilled lizards
  2 goblin zombies (Ossuary)
  16 hobgoblin zombies (Ossuary)
  A jackal zombie (D:10)
  7 kobolds
  7 kobold zombies (Ossuary)
  7 orc zombies (Ossuary)
  8 rats
  A rat zombie (Ossuary)
380 creatures vanquished.

Vanquished Creatures (others)
  2 deep elf pyromancers (Orc:2)
2 creatures vanquished.

Grand Total: 382 creatures vanquished

Notes
Turn   | Place    | Note
-------+----------+-------------------------------------------
     0 | D:1      | zeram the Hill Orc Fighter began the quest for the Orb.
     0 | D:1      | Reached XP level 1. HP: 19/19 MP: 1/1
   510 | D:1      | Found a faded altar of an unknown god.
   518 | D:1      | Reached XP level 2. HP: 26/27 MP: 2/2
   773 | D:1      | Got the Almanac of Clay and Hexes
  1092 | D:2      | Reached XP level 3. HP: 24/33 MP: 1/3
  1112 | D:2      | Reached XP level 4. HP: 10/40 MP: 2/4
  1894 | D:3      | Noticed Sigmund
  1903 | D:3      | Killed Sigmund
  1904 | D:3      | Reached skill level 5 in Axes
  1904 | D:3      | Reached XP level 5. HP: 47/47 MP: 5/5
  1904 | D:3      | Reached XP level 6. HP: 53/53 MP: 6/6
  2461 | D:4      | Found a glowing drain.
  2477 | Sewer    | Entered a sewer
  2535 | Sewer    | Reached skill level 1 in Polearms
  2822 | Sewer    | Reached XP level 7. HP: 60/60 MP: 7/7
  2828 | Sewer    | Reached skill level 5 in Fighting
  2831 | Sewer    | Reached skill level 5 in Shields
  2835 | Sewer    | Reached skill level 5 in Armour
  2854 | Sewer    | Identified a scroll of acquirement
  2854 | Sewer    | Acquired 1093 gold pieces
  3278 | D:5      | Entered Level 5 of the Dungeon
  3306 | D:5      | Reached XP level 8. HP: 25/69 MP: 8/8
  3311 | D:5      | Found a large runed translucent door.
  3311 | D:5      | Found a large runed translucent door.
  3312 | D:5      | Noticed cbfl8's ghost (weakling MiDe)
  3355 | D:5      | Found Onotsicse's Antique Armour Shop.
  3358 | D:5      | Found a sand-covered staircase.
  3365 | Ossuary  | Entered an ossuary
  3772 | D:5      | Reached skill level 5 in Polearms
  4074 | D:5      | Killed cbfl8's ghost
  4505 | D:6      | Reached XP level 9. HP: 63/69 MP: 9/9
  4648 | D:7      | Found a staircase to the Ecumenical Temple.
  4762 | Temple   | Entered the Ecumenical Temple
  4923 | Temple   | Became a worshipper of Gozag Ym Sagoz the Greedy
  6870 | D:9      | Found a staircase to the Lair.
  6883 | D:9      | Noticed Erica
  6894 | D:9      | Killed Erica
  6955 | D:9      | Noticed a two-headed ogre
  6964 | D:9      | Killed a two-headed ogre
  6965 | D:9      | Reached skill level 1 in Dodging
  6965 | D:9      | Reached XP level 10. HP: 42/86 MP: 10/10
  7546 | D:10     | Entered Level 10 of the Dungeon
  7715 | D:10     | Noticed a two-headed ogre
  7740 | D:10     | Killed a two-headed ogre
  8357 | D:10     | Noticed a two-headed ogre
  8370 | D:10     | Killed a two-headed ogre
  8816 | D:10     | Reached XP level 11. HP: 66/94 MP: 11/11
  8822 | D:10     | Reached skill level 10 in Polearms
  9033 | D:10     | Found a runed translucent door.
  9034 | D:10     | Found a basalt altar of Yredelemnul.
  9066 | D:10     | Noticed a centaur warrior
  9073 | D:10     | Killed a centaur warrior
  9074 | D:10     | Reached skill level 10 in Armour
  9145 | D:10     | Found a broken altar of Ashenzari.
  9226 | D:10     | Found a staircase to the Orcish Mines.
  9274 | D:10     | Found a roughly hewn altar of Beogh.
  9680 | D:10     | Found a snail-covered altar of Cheibriados.
  9680 | D:10     | Found a radiant altar of Vehumet.
  9797 | Orc:1    | Entered Level 1 of the Orcish Mines
  9838 | Orc:1    | Noticed a two-headed ogre
  9852 | Orc:1    | Killed a two-headed ogre
 10221 | Orc:1    | Noticed an orc sorcerer
 10227 | Orc:1    | Killed an orc sorcerer
 10228 | Orc:1    | Reached skill level 10 in Shields
 10267 | Orc:1    | Noticed Maurice
 10267 | Orc:1    | Noticed an orc knight
 10272 | Orc:1    | Noticed an orc knight
 10282 | Orc:1    | Noticed an orc warlord
 10469 | Orc:1    | Killed Maurice
 10472 | Orc:1    | Killed an orc knight
 10488 | Orc:1    | Killed an orc warlord
 10633 | Orc:1    | Noticed an orc knight
 10652 | Orc:1    | Killed an orc knight
 10710 | D:10     | Killed an orc knight
 10711 | D:10     | Reached XP level 12. HP: 25/104 MP: 12/12
 11425 | Orc:2    | Entered Level 2 of the Orcish Mines
 11894 | Orc:2    | Found a staircase to the Elven Halls.
 12580 | Orc:2    | Reached skill level 10 in Fighting
 13437 | Orc:2    | Slain by an orc knight

Illustrated notes

Levels and vault maps discovered:
D:1:      saegor_arrival_miasma, layout_loops_ring,
          dreamdust_ecumenical_altar_statues
D:2:      layout_rooms
D:3:      layout_basic, minivault_11, minmay_surrounded, uniq_sigmund
D:4:      layout_loops_ring, cheibrodos_sewer_entry_drain
D:5:      layout_rooms, serial_shops, nicolae_shop_behind_doors,
          ebering_ghost_disaster_area, enter_ossuary_3
D:6:      layout_basic
D:7:      layout_layer_cave, minmay_temple_entry_glass
D:8:      layout_loops_ring
D:9:      layout_roguey, lair_entry_dummy, uniq_erica
D:10:     kennysheep_six_static_rooms, layout_loops_ring, dk_yredelemnul_ordeal,
          gammafunk_temple_overflow_elements, nicolae_ashenzari_skybound,
          minmay_orc_entry_temple_small
Temple:   regret_index_temple_mists
Orc:1:    layout_diamond_mine, special_room [special_room_orc], uniq_maurice
Orc:2:    st_orc_pillars, layout_diamond_mine, abandoned_shop,
          nicolae_orc_rockfall, elves_outpost_lemuel

Skill      XL: |  1  2  3  4  5  6  7  8  9 10 11 12 |
---------------+-------------------------------------+-----
Axes           | 3 5 |  5.6
Fighting       | 4 5 6 7 8 9 10 | 10.4
Shields        | 4 5 6 8 9 10 11 | 11.7
Armour         | 4 5 6 8 9 10 12 | 12.0
Polearms       | 2 4 6 8 9 11 12 | 12.5
Dodging        | 1 |  1.8

Action                   |  1- 3 |  4- 6 |  7- 9 | 10-12 || total
-------------------------+-------+-------+-------+-------++-------
Melee: War axe           |    60 |    67 |       |       ||   127
       Spear             |       |   227 |   490 |   776 ||  1493
       Unarmed           |       |       |       |    12 ||    12
Evoke: Wand              |       |       |       |    19 ||    19
  Use: Scroll            |     3 |     3 |    18 |     5 ||    29
       Potion            |       |     1 |     1 |     8 ||    10
 Stab: Invisible         |       |       |       |     3 ||     3
       Paralysed         |       |       |       |     6 ||     6
       Distracted        |       |       |       |     2 ||     2
Armor: Scale mail        |    39 |    11 |       |       ||    50
       Plate armour      |       |   155 |   182 |   136 ||   473
       Skin              |       |       |       |     2 ||     2
Dodge: Dodged            |    21 |    49 |    63 |    60 ||   193
Block: Kite shield       |    33 |   144 |   231 |   316 ||   724
       Reflection        |       |       |    11 |    29 ||    40
       Other             |       |       |       |     3 ||     3
